 Dungeon Crawl Stone Soup version 0.26.1-10-gdfb7c7de75 (webtiles) character file.

Game seed: 15883359232041908680

968 GenialerGandalf the Chopper (level 8, -14/67 (68) HPs)
             Began as a Hill Orc Fighter on Apr 3, 2021.
             Demolished by a +1 scimitar of chaos (18 damage)
             ... on level 6 of the Dungeon.
             The game lasted 00:34:58 (8930 turns).

GenialerGandalf the Chopper (Hill Orc Fighter)      Turns: 8930, Time: 00:34:58

HP:   -14/67 (68)   AC: 12    Str: 21    XL:     8   Next: 15%
MP:   6/8           EV:  5    Int:  8    God:
Gold: 319           SH: 15    Dex: 10    Spells: 7/7 levels left

rFire    . . .     SeeInvis .   a - +0 war axe
rCold    . . .     Faith    .   c - +0 kite shield
rNeg     . . .     Spirit   .   C - +0 plate armour
rPois    .         Reflect  +   (no helmet)
rElec    .         Harm     .   (no cloak)
rCorr    .         Rampage  .   (no gloves)
Will     .....                  (no boots)
Stlth    ..........             y - amulet of reflection
HPRegen  0.21/turn              u - ring of wizardry
MPRegen  0.11/turn              (no ring)

@: very slightly contaminated, lightly drained, invisible (expiring)
A: no striking features
a: no special abilities


You were on level 6 of the Dungeon.
You visited 1 branch of the dungeon, and saw 6 of its levels.
You also visited: Sewer.

You collected 319 gold pieces.

Inventory:

Hand Weapons
 a - a +0 war axe (weapon)
 A - a +0 shortbow
Missiles
 b - 8 silver javelins
 e - 117 arrows
 g - 172 stones (quivered)
 h - 63 bolts
 l - 68 sling bullets
 q - 10 poisoned darts
Armour
 c - a +0 kite shield (worn)
 C - a +0 plate armour (worn)
Jewellery
 u - a ring of wizardry (left hand)
 y - an amulet of reflection (around neck)
 B - a cursed ring of resist corrosion
Scrolls
 f - 2 scrolls of identify
 j - 5 scrolls of remove curse
 n - 2 scrolls of magic mapping {unknown}
 o - a scroll of enchant weapon {unknown}
 r - a scroll of random uselessness {unknown}
 s - a scroll of noise {unknown}
 t - 2 scrolls of enchant armour {unknown}
 w - a scroll of teleportation {unknown}
Potions
 d - 2 potions of might
 i - a potion of attraction {unknown}
 k - 4 potions of brilliance {unknown}
 m - 3 potions of degeneration {unknown}
 p - 3 potions of haste {unknown}
 v - a potion of resistance {unknown}
 x - 3 potions of heal wounds
 z - 3 potions of flight {unknown}


   Skills:
 + Level 5.0 Fighting
 + Level 7.7 Axes
 + Level 6.0 Armour
 + Level 1.3 Dodging
 + Level 0.4 Stealth
 + Level 5.6 Shields


You had 7 spell levels left.
You didn't know any spells.
Your spell library was empty.

Dungeon Overview and Level Annotations

Branches:
Dungeon (6/15)             Temple (0/1) D:4           Sewer (visited)

Altars:
Sif Muna
Xom

Annotations:
D:6 Richi's ghost, novice PaFi


Message History

The +1 scimitar of chaos hits you but does no damage.
You feel drained. Richi's ghost hits you!
You hit Richi's ghost but do no damage.
Richi's ghost is lightly damaged.
You hit the +1 scimitar of chaos but do no damage.
Richi's ghost hits you but does no damage.
You hit Richi's ghost but do no damage.
Richi's ghost is lightly damaged.
You closely miss the +1 scimitar of chaos.
The +1 scimitar of chaos hits you!
You feel your power leaking away.
The +1 scimitar of chaos barely misses you.
Richi's ghost completely misses you.
Richi's ghost hits you but does no damage.
The +1 scimitar of chaos hits you!!
* * * LOW HITPOINT WARNING * * *
You flicker for a moment.
You block the +1 scimitar of chaos's attack.
The +1 scimitar of chaos hits you!!
You die...

##..........# #......###.##
.##.##.###.#..#
.........#..##._'..##
......#.###.###$#...##
......#.###..####....#
..........#..##.W....#
.........##.###.(....#
.............##.@..######
.................#......##
...............###.......#
##........รท.............##
#..........###..###......#
...........###...##....###
#............#....#...##
#.......##...#........#
#......#.........##...#


You could see a +1 scimitar of chaos and Richi's ghost.

Vanquished Creatures
  An ice beast (D:6)
  A centaur (D:5)
  A big kobold (Sewer)
  2 bullfrogs
  A howler monkey (D:4)
  An orc priest (D:5)
  2 orc wizards (D:6)
  Jessica (D:2)
  An iguana (D:4)
  3 worker ants (D:4)
  Natasha (thrice) (D:2)
  Terence (D:2)
  A hound skeleton (D:4)
  A worker ant zombie (D:5)
  5 adders
  A white imp (D:6)
  2 ufetubi
  2 oozes
  An adder zombie (D:6)
  6 worms
  4 dart slugs
  6 leopard geckos
  11 orcs
  4 giant cockroaches
  14 hobgoblins
  10 jackals
  14 kobolds
  2 ball pythons
  9 bats
  8 frilled lizards
  5 goblins
  A jackal skeleton (D:4)
  A jackal zombie (D:5)
  14 rats
  35 bushes (D:2)
175 creatures vanquished.

Vanquished Creatures (others)
  8 plants (D:2)
8 creatures vanquished.

Grand Total: 183 creatures vanquished

Notes
Turn   | Place    | Note
-------+----------+-------------------------------------------
     0 | D:1      | GenialerGandalf the Hill Orc Fighter began the quest for
                  | the Orb.
     0 | D:1      | Reached XP level 1. HP: 19/19 MP: 1/1
    93 | D:1      | Reached XP level 2. HP: 20/27 MP: 2/2
   430 | D:1      | Reached skill level 3 in Axes
   714 | D:1      | Reached XP level 3. HP: 32/33 MP: 3/3
  2401 | D:2      | Noticed Jessica
  2414 | D:2      | Killed Jessica
  2415 | D:2      | Reached XP level 4. HP: 27/40 MP: 4/4
  2517 | D:2      | Reached skill level 4 in Axes
  2519 | D:2      | Noticed Terence
  2578 | D:2      | Killed Terence
  3079 | D:2      | Reached XP level 5. HP: 46/46 MP: 5/5
  3482 | D:2      | Noticed Natasha
  3500 | D:2      | Killed Natasha
  3526 | D:2      | Noticed Natasha
  3534 | D:2      | Killed Natasha
  3602 | D:2      | Noticed Natasha
  3617 | D:2      | Killed Natasha
  3870 | D:2      | Found a shimmering blue altar of Sif Muna.
  4729 | D:3      | Reached skill level 5 in Axes
  4833 | D:3      | Reached XP level 6. HP: 46/53 MP: 6/6
  5088 | D:3      | Reached skill level 1 in Dodging
  5790 | D:4      | Reached skill level 5 in Shields
  6182 | D:4      | Found a staircase to the Ecumenical Temple.
  6398 | D:4      | Reached XP level 7. HP: 60/60 MP: 7/7
  6840 | D:5      | Entered Level 5 of the Dungeon
  6987 | D:5      | Found a glowing drain.
  7016 | Sewer    | Entered a sewer
  7080 | Sewer    | Reached skill level 6 in Axes
  7080 | Sewer    | Reached skill level 5 in Armour
  7194 | Sewer    | Found a white marble altar of Elyvilon.
  7735 | D:5      | Paralysed by a centaur for 5 turns
  7759 | D:5      | Paralysed by a centaur for 4 turns
  8559 | D:5      | Reached skill level 7 in Axes
  8601 | D:6      | Reached skill level 5 in Fighting
  8766 | D:6      | Reached XP level 8. HP: 68/68 MP: 8/8
  8904 | D:6      | Found a runed translucent door.
  8904 | D:6      | Found a shimmering altar of Xom.
  8904 | D:6      | Noticed Richi's ghost (novice PaFi)
  8904 | D:6      | Noticed a +1 scimitar of chaos
  8926 | D:6      | HP: 3/67 [+1 scimitar of chaos (21)]
  8930 | D:6      | Demolished by a +1 scimitar of chaos

Illustrated notes

Levels and vault maps discovered:
D:1:      noname_arrival_rooms_in_the_neighbourhood, layout_basic
D:2:      layout_loops_corners, serial_forest, infiniplex_forest_lined_2,
          infiniplex_forest_corner_1, infiniplex_forest_zigzag_1,
          infiniplex_forest_zigzag_2, infiniplex_forest_clump_medium,
          infiniplex_forest_fountain, infiniplex_forest_lined_2, led_sif_pool,
          uniq_terence, uniq_natasha, uniq_jessica
D:3:      layout_rooms
D:4:      layout_basic, minmay_temple_entry_slanted
D:5:      layout_loops_ring, portal_sewer_entry_e, lemuel_flame_loot_1
D:6:      layout_cave_pools, ebering_ghost_xom, minivault_19, ashenzari_altar_1

Skill      XL: |  1  2  3  4  5  6  7  8 |
---------------+-------------------------+-----
Fighting       | 4 5 |  5.0
Axes           | 3 4 5 7 |  7.7
Armour         | 4 5 6 |  6.0
Shields        | 4 5 |  5.6
Dodging        | 1 |  1.3
Stealth        | |  0.4

Action                   |  1- 3 |  4- 6 |  7- 9 || total
-------------------------+-------+-------+-------++-------
Melee: War axe           |   978 |   676 |   184 ||  1838
  Use: Scroll            |       |     3 |     1 ||     4
       Potion            |       |     1 |       ||     1
 Stab: Invisible         |       |       |     1 ||     1
Armor: Scale mail        |    57 |    36 |       ||    93
       Chain mail        |       |   101 |    94 ||   195
       Plate armour      |       |       |    18 ||    18
Dodge: Dodged            |    41 |    99 |    63 ||   203
Block: Kite shield       |    52 |   153 |   145 ||   350
       Reflection        |       |       |     1 ||     1
